Map: Ever Dream LE

Players

antagomiR

  • Race: Protoss Protoss
  • League: Gold
  • Spawn Location: 1:00

cliffy - Winner!

  • Race: Terran Terran
  • League: Platinum
  • Spawn Location: 7:00

VOD

Have the link to the VOD?

Description

Time

  • Played on: April 21, 2020, 12:57 a.m.
  • Length: 7:21
Show
View Real Time Build Order
Export as new Build Order

antagomiR Protoss 

Build Orders: 1 Gate Expand, Colossus Rush 

Get SALT Encoding   

  12  0:01  Probe  
  13  0:13  Probe  
  14  0:19  Pylon  
  14  0:27  Probe  
  15  0:38  Gateway  
  15  0:39  Probe (Chrono Boost)  
  17  0:51  Probe (Chrono Boost)  
  17  0:57  Probe (Chrono Boost), Assimilator  
  18  1:08  Probe  
  19  1:20  Probe  
  20  1:28  Nexus  
  19  1:35  Probe  
  20  1:41  Cybernetics Core  
  20  1:48  Assimilator  
  20  1:56  Pylon  
  20  1:58  Probe  
  21  2:10  Probe  
  22  2:17  Warp Gate  
  22  2:22  Probe  
  23  2:27  Adept  
  25  2:36  Robotics Facility  
  25  2:38  Probe  
  25  2:41  Probe  
  27  2:55  Probe x2  
  27  2:56  Stalker  
  31  3:03  Gateway  
  31  3:07  Probe x2  
  33  3:14  Gateway  
  33  3:19  Probe  
  35  3:20  Probe  
  35  3:31  Probe  
  35  3:32  Probe, Sentry  
  35  3:34  Observer  
  40  3:44  Probe x2  
  40  3:48  Pylon  
  42  3:55  Observer  
  43  3:56  Probe  
  43  3:57  Probe  
  45  4:08  Probe  
  45  4:09  Probe  
  47  4:13  Sentry  
  47  4:15  Adept  
  47  4:16  Adept  
  53  4:26  Robotics Bay  
  53  4:30  Probe  
  54  4:37  Pylon  
  54  4:40  Assimilator  
  54  4:43  Pylon, Assimilator  
  54  4:55  Probe x2  
  56  5:05  Stalker  
  56  5:06  Stalker  
  48  5:07  Probe x2, Zealot  
  46  5:19  Probe  
  42  5:22  Colossus (Chrono Boost)  
  45  5:43  Pylon  
  45  5:46  Pylon  
  45  6:06  Shield Battery, Stalker  
  45  6:07  Sentry  
  45  6:08  Zealot  
  51  6:19  Gateway  
  51  6:21  Gateway  
  51  6:38  Zealot x2  
  54  7:03  Pylon  
  54  7:04  Pylon  
Show
View Real Time Build Order
Export as new Build Order

cliffy Terran - Winner!

Build Orders:  

Get SALT Encoding   

  12  0:02  SCV  
  13  0:17  SCV, Supply Depot  
  14  0:25  Refinery  
  14  0:29  SCV  
  15  0:37  Refinery  
  15  0:50  Barracks  
  15  0:55  SCV  
  17  1:11  SCV  
  17  1:24  SCV  
  18  1:38  Supply Depot  
  18  1:41  Factory  
  18  1:48  Barracks Reactor  
  18  2:01  Barracks  
  18  2:04  SCV  
  19  2:19  Orbital Command  
  19  2:24  Factory Tech Lab  
  19  2:29  Marine  
  19  2:33  Marine  
  21  2:44  Siege Tank  
  24  2:48  SCV  
  24  2:51  Marine  
  25  2:54  Marine  
  25  2:57  Marine  
  28  3:03  SCV  
  29  3:14  Supply Depot  
  29  3:15  Marine x2  
  31  3:35  Marine  
  31  3:36  SCV, Siege Tank  
  36  3:45  Command Center  
  36  3:48  Marine  
  37  3:50  Marine  
  38  3:56  Supply Depot  
  38  3:58  Marine  
  39  4:04  SCV  
  40  4:13  Siege Tank  
  40  4:16  Marine  
  44  4:19  SCV  
  45  4:25  Marine  
  45  4:27  Marine  
  47  4:31  SCV  
  48  4:38  Marine  
  49  5:06  Marine x2  
  49  5:07  Marine  
  51  5:08  Siege Tank  
  55  5:19  SCV x2  
  57  5:24  Marine x3  
  57  5:26  Starport  
  57  5:28  Barracks  
  60  5:31  SCV  
  60  5:32  Orbital Command  
  61  5:48  SCV, Marine x2, Supply Depot, Engineering Bay  
  64  5:50  Barracks Tech Lab  
  64  5:59  SCV  
  64  6:00  SCV  
  64  6:01  Siege Tank  
  64  6:03  Starport Reactor  
  69  6:08  Supply Depot  
  69  6:11  Marine  
  69  6:12  Marine x2  
  69  6:16  Barracks Tech Lab  
  72  6:20  Missile Turret  
  72  6:22  Missile Turret  
  72  6:28  SCV  
  72  6:29  SCV  
  72  6:30  Marine x3  
Tags
 
Matchup
PvT
Replay Pack
20200422
Spawn Locations
Cross Positions
Add a new tag
Caveats
  • Supply blocks, unpowered buildings, or Contaminate may cause inaccurate times.
  • Supply counts are checked every 10 seconds.